 Dungeon Crawl Stone Soup version 0.16.0-17-g811c1d7 (webtiles) character file.

5763 McCoppin the Covert (level 10, -13/76 HPs)
             Began as an Octopode Summoner on Mar 20, 2015.
             Was a High Priest of Dithmenos.
             Mangled by a gargoyle
             ... wielding a +0 flail
              (17 damage)
             ... on level 10 of the Dungeon on Mar 21, 2015.
             The game lasted 01:01:52 (13119 turns).

McCoppin the Covert (Octopode Summoner)            Turns: 13119, Time: 01:01:52

Health: -13/76     AC:  1    Str:  7      XL:     10   Next: 78%
Magic:  16/16      EV:  9    Int: 18      God:    Dithmenos [*****.]
Gold:   498        SH:  7    Dex: 15 (16) Spells: 1 memorised, 12 levels left

rFire  . . .     SeeInvis .     a - +1 short sword (speed)
rCold  . . .     Clarity  .     n - +1 shield
rNeg   + . .     SustAb   .     (helmet restricted)
rPois  .         Gourm    .     e - amulet of warding
rElec  .         Spirit   .     E - ring of stealth
rCorr  .         Warding  +     (no ring)
rMut   .         Stasis   .     (no ring)
MR     .....                    (no ring)
Stlth  ++++++++++               (no ring)
                                (no ring)
                                (no ring)
                                (no ring)

@: wreathed by umbra, not resistant to hostile enchantments, uncannily stealthy
A: almost no armour, amphibious, 8 rings, constrict 8, camouflage 1,
deterioration 1, gelatinous body 1
a: Shadow Step, Shadow Form, Renounce Religion


You were on level 10 of the Dungeon.
You worshipped Dithmenos.
Dithmenos was extremely pleased with you.
You were not hungry.

You visited 2 branches of the dungeon, and saw 11 of its levels.

You collected 534 gold pieces.
You spent 36 gold pieces at shops.

Inventory:

Hand weapons
 a - a +1 short sword of speed (weapon)
 b - a +0 blowgun
 y - a +0 falchion
Missiles
 j - 29 poisoned needles
 q - 8 stones
 w - 8 curare-tipped needles
 x - 2 throwing nets (quivered)
Armour
 n - a +1 shield (worn)
Jewellery
 e - an amulet of warding (around mantle)
 E - a ring of stealth (left tentacle)
Magical devices
 c - a wand of magic darts (9)
 v - a wand of paralysis (4)
 B - a wand of teleportation (3)
Scrolls
 k - 3 scrolls of recharging
 m - 3 scrolls of enchant armour
 r - 2 scrolls of teleportation
 u - a scroll of fog
 C - 2 scrolls of identify
Potions
 d - a potion of might
 f - a potion of cure mutation
 g - 2 potions of haste
 l - a potion of resistance
 p - 2 potions of brilliance
 z - a potion of magic
 A - a potion of cancellation
Books
 h - a book of Callings

   Spells                             Type                      Level
   a - Summon Small Mammal            Summoning                    1
   b - Call Imp                       Summoning                    2
   c - Call Canine Familiar           Summoning                    3
   d - Summon Guardian Golem          Hexes/Summoning              4
   e - Summon Lightning Spire         Summoning/Air                4
   f - Summon Ice Beast               Ice/Summoning                4
 o - a book of Envenomations

   Spells                             Type                      Level
   a - Spider Form                    Transmutation/Poison         3
   b - Alistair's Intoxication        Transmutation/Poison         4
   c - Olgreb's Toxic Radiance        Poison                       4
   d - Poisonous Cloud                Conjuration/Poison/Air       6
Comestibles
 i - 6 meat rations
 s - 4 chunks of flesh
 t - 5 beef jerkies


   Skills:
 + Level 9.9 Fighting
 - Level 4.0(7.2) Short Blades
 + Level 9.3(9.6) Long Blades
 - Level 2.2 Dodging
 - Level 10.0 Stealth
 - Level 2.0 Spellcasting
 - Level 4.0 Summonings


You had 12 spell levels left.
You knew the following spells:

 Your Spells              Type           Power        Failure   Level  Hunger
a - Summon Small Mammal   Summ           ###.         24%         1    #......


Dungeon Overview and Level Annotations

Branches:
Dungeon (10/15)            Temple (1/1) D:7            Lair (0/8) D:8
    Orc: D:9-12

Altars:
Cheibriados
Dithmenos
Elyvilon
Fedhas
Nemelex Xobeh
Qazlal
Ru
Xom
Yredelemnul
The Shining One

Shops:
D:5 *(=


Innate Abilities, Weirdness & Mutations

You cannot wear most types of armour.
You are amphibious.
You can wear up to eight rings at the same time.
You can use your tentacles to constrict many enemies at once.
Your skin changes colour to match your surroundings (Stealth).
Your rubbery body absorbs attacks (AC +1).
Your body is slowly deteriorating.


Message History

You assume a fearsome visage.
The gargoyle is unaffected.
Evoke which item? (* to show all) (? for menu, Esc to quit)
Okay, then.
Read which item? (? for menu, Esc to quit)
Okay, then.
Drink which item? (? for menu, Esc to quit)
Okay, then.
Read which item? (? for menu, Esc to quit)
Okay, then.
Use which ability? (? or * to list)
Okay, then.
That item cannot be evoked!
Evoke which item? (* to show all) (? for menu, Esc to quit)
Zapping:
v - a wand of paralysis {zapped: 7} (will waste charges)
Press: ? - help, Shift-Dir - straight line, f/p - gargoyle
Aim: a gargoyle, wielding a flail (lightly damaged, umbra, chance 28%)
The gargoyle easily resists.
Evoking this partially-identified wand wasted a few charges.
The gargoyle hits you with a flail!
You die...

########.#
#........#
#9########
#@# #.# #.#
#.# #.# #<#
#.##########
#.##.......#
#.##.......#


You could see a gargoyle.

Vanquished Creatures
  A komodo dragon (D:9)
  A two-headed ogre (D:8)
  A troll (D:9)
  A wandering mushroom (D:9)
  A deep elf mage (D:9)
  2 hippogriffs (D:7)
  A black bear (D:8)
  A phantom (D:9)
  An eye of draining (D:7)
  4 orc warriors
  An ice beast (D:7)
  A sky beast (D:9)
  6 ogres
  2 centaurs
  A big kobold (D:9)
  A crocodile (D:8)
  A wyvern zombie (D:9)
  Blork the orc (D:6)
  4 giant frogs
  2 scorpions
  2 electric eels (D:9)
  7 killer bees
  A crimson imp (D:4)
  8 wights (D:8)
  A centaur zombie (D:5)
  3 jellies
  Crazy Yiuf (D:2)
  5 orc priests
  12 worker ants
  7 hounds
  2 centaur skeletons (D:6)
  3 giant frog skeletons
  7 orc wizards
  5 iguanas
  Jessica (D:3)
  2 hound skeletons
  2 worker ant zombies (D:7)
  8 adders
  3 gnolls (D:4)
  A river rat (D:8)
  5 shadow imps
  2 giant mites
  4 worms
  An adder skeleton (D:9)
  2 adder zombies
  6 giant geckos
  18 orcs
  9 giant cockroaches
  23 hobgoblins
  A jackal (D:3)
  24 kobolds
  2 quokkas
  13 bats
  2 giant gecko skeletons
  4 giant newts
  10 goblins
  2 goblin zombies (D:4)
  A hobgoblin zombie (D:4)
  A jackal skeleton (D:6)
  2 kobold skeletons (D:4)
  An orc zombie (D:4)
  A quokka skeleton (D:6)
  A quokka zombie (D:6)
  14 rats
  23 ballistomycetes
  A fungus (D:2)
  2 plants (D:9)
290 creatures vanquished.

Vanquished Creatures (others)
  An orc priest (D:6)
  2 orcs (D:6)
  7 giant spores
  7 ballistomycetes (D:6)
  10 fungi (D:8)
  4 plants
31 creatures vanquished.

Grand Total: 321 creatures vanquished

Notes
Turn   | Place    | Note
--------------------------------------------------------------
     0 | D:1      | McCoppin, the Octopode Summoner, began the quest for the Orb.
     0 | D:1      | Reached XP level 1. HP: 11/11 MP: 3/3
   234 | D:1      | Reached XP level 2. HP: 3/17 MP: 4/4
  1141 | D:2      | Found a shadowy altar of Dithmenos.
  1146 | D:2      | Became a worshipper of Dithmenos the Shadowed
  1337 | D:2      | Reached skill level 5 in Stealth
  1337 | D:2      | Reached XP level 3. HP: 21/21 MP: 6/6
  1436 | D:2      | Found a stormy altar of Qazlal.
  1744 | D:2      | Noticed Crazy Yiuf
  1750 | D:2      | Killed Crazy Yiuf
  1750 | D:2      | Reached skill level 6 in Stealth
  1750 | D:2      | Reached XP level 4. HP: 27/27 MP: 7/7
  2507 | D:3      | Found a sparkling altar of Nemelex Xobeh.
  2561 | D:3      | Noticed Jessica
  2582 | D:3      | Reached skill level 7 in Stealth
  2669 | D:3      | You fall through a shaft for 3 floors!
  2691 | D:6      | Noticed a giant frog
  2699 | D:6      | Killed a giant frog
  2699 | D:6      | Reached skill level 8 in Stealth
  2699 | D:6      | Reached XP level 5. HP: 25/31 MP: 9/9
  2766 | D:6      | Reached XP level 6. HP: 36/36 MP: 10/10
  2857 | D:6      | Reached skill level 9 in Stealth
  3149 | D:6      | Noticed a giant frog
  3162 | D:6      | Killed a giant frog
  3336 | D:6      | Reached skill level 10 in Stealth
  3605 | D:5      | Entered Level 5 of the Dungeon
  3605 | D:5      | Found Avvilu's Weapon Shoppe.
  3612 | D:5      | Bought a +0 falchion for 36 gold pieces
  3678 | D:5      | Reached skill level 1 in Fighting
  3678 | D:5      | Reached skill level 1 in Short Blades
  3678 | D:5      | Reached XP level 7. HP: 41/43 MP: 12/12
  3918 | D:5      | Found Ischixakh's Assorted Antiques.
  3991 | D:5      | Found Uca Ruuf's Jewellery Shop.
  4495 | D:5      | Found a sparkling altar of Nemelex Xobeh.
  4577 | D:5      | Acquired Dithmenos' first power
  5488 | D:3      | Killed Jessica
  5707 | D:4      | Reached XP level 8. HP: 52/52 MP: 13/13
  6239 | D:4      | Found a snail-covered altar of Cheibriados.
  6477 | D:4      | Found a glowing golden altar of the Shining One.
  6621 | D:5      | Reached skill level 1 in Long Blades
  7102 | D:6      | Found a blossoming altar of Fedhas.
  7343 | D:6      | Acquired Dithmenos' second power
  7633 | D:6      | Reached skill level 5 in Fighting
  7801 | D:6      | Noticed Blork the orc
  7803 | D:6      | Killed Blork the orc
  7828 | D:6      | Noticed an ogre
  7850 | D:6      | Killed an ogre
  8373 | D:7      | Noticed a hippogriff
  8377 | D:7      | Killed a hippogriff
  8417 | D:7      | Found a basalt altar of Yredelemnul.
  8460 | D:7      | Reached XP level 9. HP: 62/62 MP: 14/14
  9081 | D:7      | Reached skill level 5 in Long Blades
  9491 | D:7      | Found a staircase to the Ecumenical Temple.
  9497 | Temple   | Entered the Ecumenical Temple
  9541 | D:7      | Found a white marble altar of Elyvilon.
  9597 | D:7      | Noticed a hippogriff
  9601 | D:7      | Killed a hippogriff
 10179 | D:8      | Found a staircase to the Lair.
 10245 | D:8      | Acquired Dithmenos' third power
 10704 | D:8      | Found a sacrificial altar of Ru.
 11028 | D:8      | Reached XP level 10. HP: 68/72 MP: 16/16
 11538 | D:9      | Found a shimmering altar of Xom.
 12490 | D:9      | Gained mutation: Your body is slowly deteriorating. [mutagenic meat]
 12621 | D:9      | Acquired Dithmenos' fourth power
 12861 | D:9      | Found a staircase to the Lair.
 13069 | D:10     | Entered Level 10 of the Dungeon
 13119 | D:10     | Mangled by a gargoyle

Action                   |  1- 3 |  4- 6 |  7- 9 | 10-12 || total
-------------------------+-------+-------+-------+-------++-------
Melee: Dagger            |    50 |   102 |   284 |       ||   436
       Unarmed           |     6 |       |       |       ||     6
       Short sword       |       |       |    75 |   153 ||   228
 Fire: Blowgun           |       |       |    72 |    31 ||   103
Throw: Throwing net      |       |       |     2 |       ||     2
Evoke: Wand              |       |       |       |     4 ||     4
  Use: Scroll            |     4 |       |    17 |     7 ||    28
       Potion            |       |     1 |     3 |       ||     4
 Stab: Sleeping          |     9 |    19 |    38 |    17 ||    83
       Distracted        |       |       |     7 |     4 ||    11
       Paralysed         |       |       |     1 |       ||     1
  Eat: Chunk             |     2 |     7 |    13 |     4 ||    26
       Bread ration      |       |       |     2 |     1 ||     3
